AoeStats
← Dani

Arena

510093541Analyzed
2v2 RM · 2d ago on Sep 29, 2026· 61m 19s· 4 players
Game mode
Random Map
Map size
Medium (4 player)
Population
200
Speed
Normal
Resources
Standard
Victory
Conquest
Starting age
Dark Age
Ending age
Imperial Age
RankedLock teamsTeams togetherTeam positionsShared explorationLock speedFull tech treeHidden civsTurbo modeCheats
Victory
Defeat
🇩🇪 Jurchens · Germany
1486
+12
🇩🇪 Persians · Germany
1465
+13
🇹🇷 Ethiopians · Türkiye
1407
-13
🇨🇳 Persians · China
1382
-12
Lucky7
10:06 Feudal Age
11:23 Double-Bit Axe
14:05 Castle Age
11:48 Horse Collar
14:36 Wheelbarrow
15:10 Bow Saw
15:12 Heavy Plow
19:31 Loom
27:27 Hand Cart
33:18 Imperial Age
30:35 Crossbowman
31:08 Fletching
31:56 Thumb Ring
32:33 Ballistics
33:32 Bodkin Arrow
33:38 Padded Archer Armor
35:05 Chemistry
33:43 Arbalester
36:24 Two-Man Saw
35:33 Bracer
36:18 Bracer
36:33 Leather Archer Armor
41:12 Halberdier
41:53 Squires
42:22 Scale Mail Armor
42:33 Forging
43:39 Chain Mail Armor
43:29 Murder Holes
44:33 Iron Casting
45:49 Plate Mail Armor
45:17 Elite Skirmisher
秦墨子
10:33 Feudal Age
12:07 Wheelbarrow
11:48 Horse Collar
14:30 Castle Age
13:45 Double-Bit Axe
19:16 Bow Saw
20:58 Heavy Plow
20:45 Light Cavalry
22:04 Forging
23:33 Husbandry
24:20 Bloodlines
25:44 Gold Mining
26:16 Hand Cart
27:36 Iron Casting
27:06 Scale Barding Armor
27:54 Gold Shaft Mining
27:11 Stone Mining
29:14 Stone Shaft Mining
28:48 Loom
31:42 Imperial Age
28:37 Pikeman
29:18 Padded Archer Armor
29:19 Scale Mail Armor
29:39 Chain Barding Armor
29:51 Squires
29:36 Arson
29:37 Gambesons
31:06 Chain Mail Armor
32:34 Conscription
31:37 Heavy Camel Rider
31:39 Cavalier
31:54 Halberdier
33:38 Blast Furnace
33:09 Plate Mail Armor
33:15 Plate Barding Armor
34:33 Two-Man Saw
35:48 Chemistry
Dani
10:34 Feudal Age
14:12 Castle Age
12:04 Double-Bit Axe
12:16 Horse Collar
15:04 Bow Saw
20:48 Heavy Plow
21:36 Wheelbarrow
21:43 Town Watch
23:24 Hand Cart
23:10 Gold Mining
27:20 Imperial Age
24:40 Loom
25:48 Bloodlines
25:39 Husbandry
25:55 Scale Barding Armor
26:01 Forging
26:35 Gold Shaft Mining
25:53 Stone Mining
27:31 Chain Barding Armor
28:11 Iron Casting
26:59 Cavalier
29:06 Two-Man Saw
29:32 Chemistry
29:28 Plate Barding Armor
29:14 Savar
31:08 Blast Furnace
30:28 Fletching
30:38 Padded Archer Armor
32:35 Conscription
31:40 Crossbowman
32:25 Thumb Ring
32:48 Kamandaran
32:59 Thumb Ring
33:21 Ballistics
33:57 Bodkin Arrow
34:18 Leather Archer Armor
37:07 Ring Archer Armor
36:37 Pikeman
42:57 Caravan
44:02 Crop Rotation
44:21 Town Patrol
46:47 Citadels
45:58 Elite War Elephant
57:31 Spies/Treason
jan
9:33 Feudal Age
13:11 Castle Age
11:23 Double-Bit Axe
12:34 Horse Collar
14:32 Bow Saw
15:44 Loom
19:32 Forging
20:32 Heavy Plow
22:05 Scale Barding Armor
22:41 Bloodlines
25:22 Wheelbarrow
26:38 Gold Mining
28:08 Gold Shaft Mining
28:14 Husbandry
28:37 Chain Barding Armor
28:53 Iron Casting
31:53 Imperial Age
31:32 Chain Barding Armor
31:52 Iron Casting
32:07 Hand Cart
32:13 Fletching
34:15 Bodkin Arrow
34:56 Plate Barding Armor
36:21 Blast Furnace
35:43 Elite Steppe Lancer
41:03 Blast Furnace
42:18 Siege Engineers
43:15 Chemistry
42:45 Capped Ram
43:19 Siege Ram
45:08 Conscription
44:52 Light Cavalry
46:32 Hussar
49:27 Two-Man Saw
54:18 Town Watch
56:44 Town Patrol
57:12 Spies/Treason
Connection lost

Rejoining the realm…

Still unreachable

The connection could not be restored.

Session expired

The server has moved on; the page needs a fresh start.